 Dungeon Crawl Stone Soup version 0.21-a0-509-gecc5317 (webtiles) character file.

10 Dawnplanks the Caller (level 2, 19/19 HPs)
             Began as a Merfolk Summoner on Nov 29, 2017.
             Quit the game on level 1 of the Dungeon.
             The game lasted 00:02:52 (1114 turns).

Dawnplanks the Caller (Merfolk Summoner)            Turns: 1114, Time: 00:02:53

Health: 19/19      AC:  2    Str:  8    XL:     2   Next: 20%
Magic:  5/5        EV: 13    Int: 14    God:
Gold:   49         SH:  0    Dex: 14    Spells: 4/5 levels left

rFire    . . .     SeeInvis .   (no weapon)
rCold    . . .     Gourm    .   (no shield)
rNeg     . . .     Faith    .   a - +0 robe
rPois    .         Spirit   .   (no helmet)
rElec    .         Reflect  .   (no cloak)
rCorr    .         Harm     .   (no gloves)
MR       .....                  (no boots)
Stlth    ++........             (no amulet)
HPRegen  0.06/turn              (no ring)
MPRegen  0.09/turn              (no ring)

@: no status effects
A: change form in water, swift swim, stealthy swim
a: no special abilities


You were on level 1 of the Dungeon.
You were hungry.

You visited 1 branch of the dungeon, and saw 1 of its levels.

You collected 49 gold pieces.

Inventory:

Armour
 a - a +0 robe (worn)
Scrolls
 d - 3 scrolls of identify {unknown}
 g - a scroll of enchant weapon {unknown}
Potions
 e - a potion of degeneration {unknown}
 h - a potion of resistance {unknown}
Books
 b - a book of Callings

   Spells                             Type                      Level
   a - Summon Small Mammal            Summoning                    1
   b - Call Imp                       Summoning                    2
   c - Call Canine Familiar           Summoning                    3
   d - Summon Guardian Golem          Hexes/Summoning              3
   e - Summon Lightning Spire         Summoning/Air                4
   f - Summon Ice Beast               Ice/Summoning                4
Comestibles
 c - a bread ration
 f - a fruit


   Skills:
 + Level 2.7 Dodging
 - Level 2.1 Stealth
 + Level 0.9 Unarmed Combat
 + Level 2.1 Spellcasting
 + Level 4.2 Summonings


You had 4 spell levels left.
You knew the following spells:

 Your Spells              Type           Power        Failure   Level  Hunger
a - Summon Small Mammal   Summ           ##..         4%          1    ##.....


Dungeon Overview and Level Annotations

Branches:
Dungeon (1/15)

Altars:


Message History

The bat hits you but does no damage. The bat hits you but does no damage.
Your bat misses the bat. You hit the bat.
You kill the bat!
No target in view!
You start resting.
Your bat disappears in a puff of smoke!
You start resting.
HP restored.
You start waiting.
You are feeling hungry.
You start waiting.
Done waiting.
Quiver which item? (- for none, * to show all) (? for menu, Esc to quit)
Okay, then.
Welcome back, Dawnplanks the Merfolk Summoner.
Press ? for a list of commands and other information.
Quiver which item? (- for none, * to show all) (? for menu, Esc to quit)
Okay, then.
Are you sure you want to abandon this character and quit the game? (Confirm with "yes".)

.. .# .# ##.######
.........
#########.......#
#...............+
##.##..#........#
#..)@†#.########
#..#.##.#############
#..#.##..............
#..#.####..#.........
...#...(...#.#####...
##########.##.# #...
#....# #... ######
#... ############.#.


There were no monsters in sight!

Vanquished Creatures
  A dart slug (D:1)
  A hobgoblin (D:1)
  A bat (D:1)
3 creatures vanquished.

Vanquished Creatures (collateral kills)
  A bat (D:1)
  2 hobgoblins (D:1)
  2 jackals (D:1)
  A rat (D:1)
6 creatures vanquished.

Grand Total: 9 creatures vanquished

Notes
Turn   | Place    | Note
-------+----------+-------------------------------------------
     0 | D:1      | Dawnplanks the Merfolk Summoner began the quest for the Orb.
     0 | D:1      | Reached XP level 1. HP: 13/13 MP: 3/3
   568 | D:1      | Reached XP level 2. HP: 18/19 MP: 3/5
  1114 | D:1      | Quit the game

Vault maps used:
D:1:      dpeg_arrival_another_circle

Action                   || total
-------------------------++-------
Melee: Unarmed           ||    49
 Cast: Summon Small Mamm ||     9
 Stab: Distracted        ||     2
       Sleeping          ||     2
Armor: Robe              ||    11
Dodge: Dodged            ||    41

Table legend:
 A = Spawn XP
 B = Non-spawn XP
 C = Spawn XP percentage of total XP
 D = Spawn monster count
 E = Non-spawn monster count
 F = Spawn count percentage of total count
 G = Total turns spent on level
                    A         B        C        D         E        F      G
               +---------+---------+-------+---------+---------+-------+---------
         Total |       0 |      15 |   0.0 |       0 |       9 |   0.0 |  1114
               +---------+---------+-------+---------+---------+-------+---------
           D:1 |       0 |      15 |   0.0 |       0 |       9 |   0.0 |  1114
               +---------+---------+-------+---------+---------+-------+---------
